TOP OF THE 1ST |
Los Cabos Cartel batting - Pitching for San Francisco Bandits : RHP Mabuchi Yoshida
|
Pitching: RHP Mabuchi Yoshida
|
|
Batting: LHB Willie Wallace
|
0-0: Called Strike 0-1: Foul Ball, location: 2F 0-2: Foul Ball, location: 2F 0-2: Ball 1-2: Foul Ball, location: 2F 1-2: Ball 2-2: Strikes out swinging
|
Batting: SHB Julián Madrid
|
0-0: Ball 1-0: SOLO HOME RUN (Line Drive, 89XD), Distance : 436 ft
|
Batting: LHB Luis González
|
0-0: Fly out, F7 (Flyball, 78M)
|
Batting: RHB Wilbert Rodgers
|
0-0: Called Strike 0-1: Ball 1-1: Foul Ball, location: 2F 1-2: Strikes out looking
|
Top of the 1st over - 1 run(s), 1 hit(s), 0 error(s), 0 left on base; Los Cabos 1 - San Francisco 0 |
BOTTOM OF THE 1ST |
San Francisco Bandits batting - Pitching for Los Cabos Cartel : RHP Dillon Nelson
|
Pitching: RHP Dillon Nelson
|
|
Batting: RHB Pete Rideout
|
0-0: Called Strike 0-1: Foul Ball, location: 2F 0-2: Ball 1-2: Foul Ball, location: 2F 1-2: Foul Ball, location: 2F 1-2: Ball 2-2: Fly out, F7 (Flyball, 7S)
|
Batting: RHB Glenn Melican
|
0-0: Fly out, F8 (Flyball, 8LD)
|
Batting: RHB Mabuchi Yoshida
|
0-0: Ball 1-0: Foul Ball, location: 2F 1-1: Ball 2-1: Ball 3-1: Foul Ball, location: 2F 3-2: Ground out 6-3 (Groundball, 6)
|
Bottom of the 1st over - 0 run(s), 0 hit(s), 0 error(s), 0 left on base; Los Cabos 1 - San Francisco 0 |
TOP OF THE 2ND |
Los Cabos Cartel batting - Pitching for San Francisco Bandits : RHP Mabuchi Yoshida
|
Batting: RHB Stephen Wilson
|
0-0: Ground out 6-3 (Groundball, 6M)
|
Batting: RHB Víctor Solano
|
0-0: Called Strike 0-1: Ground out 6-3 (Groundball, 6M)
|
Batting: RHB John Pick
|
0-0: Ball 1-0: Called Strike 1-1: Ball 2-1: Swinging Strike 2-2: Foul Ball, location: 2F 2-2: Ball 3-2: Ground out 5-3 (Groundball, 56)
|
Top of the 2nd over - 0 run(s), 0 hit(s), 0 error(s), 0 left on base; Los Cabos 1 - San Francisco 0 |
BOTTOM OF THE 2ND |
San Francisco Bandits batting - Pitching for Los Cabos Cartel : RHP Dillon Nelson
|
Batting: LHB Jerry Bryan
|
0-0: Ball 1-0: Ball 2-0: Swinging Strike 2-1: Swinging Strike 2-2: Strikes out swinging
|
Batting: RHB Bob Orr
|
0-0: Ball 1-0: Fly out, F6 (Line Drive, 6)
|
Batting: RHB Javier Ramírez
|
0-0: Swinging Strike 0-1: Foul Ball, location: 2F 0-2: Strikes out swinging
|
Bottom of the 2nd over - 0 run(s), 0 hit(s), 0 error(s), 0 left on base; Los Cabos 1 - San Francisco 0 |
TOP OF THE 3RD |
Los Cabos Cartel batting - Pitching for San Francisco Bandits : RHP Mabuchi Yoshida
|
Batting: RHB António Magana
|
0-0: Ball 1-0: Called Strike 1-1: Fly out, F9 (Line Drive, 9S)
|
Batting: RHB Ángel Garza
|
0-0: Ball 1-0: Called Strike 1-1: Ball 2-1: Foul Ball, location: 2F 2-2: SINGLE (Groundball, 6)
|
Batting: LHB Willie Wallace
|
0-0: Ball 1-0: Called Strike 1-1: Foul Ball, location: 2F 1-2: Ball 2-2: Foul Ball, location: 2F 2-2: Reached on error, E3 (Groundball, 34) Ángel Garza to third
|
Batting: SHB Julián Madrid
|
0-0: Called Strike 0-1: Ball 1-1: SINGLE (Groundball, 3D) Ángel Garza scores Willie Wallace to third Runner from 3rd tries for Home, SAFE, throw made home
|
Batting: LHB Luis González
|
0-0: Called Strike 0-1: Called Strike 0-2: Foul Ball, location: 2F 0-2: Ball 1-2: Ball 2-2: Strikes out swinging
|
Batting: RHB Wilbert Rodgers
|
0-0: Foul Ball, location: 2F 0-1: Ball 1-1: SINGLE (Groundball, 56D) Julián Madrid to second
|
Batting: RHB Stephen Wilson
|
0-0: Called Strike 0-1: Foul Ball, location: 2F 0-2: Ball 1-2: Ground out 6-3 (Groundball, 6)
|
Top of the 3rd over - 2 run(s), 3 hit(s), 1 error(s), 2 left on base; Los Cabos 3 - San Francisco 0 |
BOTTOM OF THE 3RD |
San Francisco Bandits batting - Pitching for Los Cabos Cartel : RHP Dillon Nelson
|
Batting: RHB Sadao Kato
|
0-0: Ball 1-0: Called Strike 1-1: Foul Ball, location: 2F 1-2: Ball 2-2: Foul Ball, location: 2F 2-2: Strikes out swinging
|
Batting: RHB Emílio Bruno
|
0-0: SOLO HOME RUN (Line Drive, 7D), Distance : 385 ft
|
Batting: RHB David Crespo
|
0-0: SINGLE (Groundball, 6MD)
|
Batting: RHB Pete Rideout
|
0-0: Called Strike 0-1: Ball 1-1: Foul Ball, location: 2F 1-2: Ball 2-2: SINGLE (Groundball, 56D) (infield hit) David Crespo to second
|
Batting: RHB Glenn Melican
|
0-0: Grounds into double play, 1-6-3 (Groundball, 15S)
|
Bottom of the 3rd over - 1 run(s), 3 hit(s), 0 error(s), 1 left on base; Los Cabos 3 - San Francisco 1 |
TOP OF THE 4TH |
Los Cabos Cartel batting - Pitching for San Francisco Bandits : RHP Mabuchi Yoshida
|
Batting: RHB Víctor Solano
|
0-0: Ball 1-0: Ball 2-0: Swinging Strike 2-1: Ball 3-1: Foul Ball, location: 2F 3-2: Foul Ball, location: 2F 3-2: Foul Ball, location: 2F 3-2: Ground out 5-3 (Groundball, 56)
|
Batting: RHB John Pick
|
0-0: Ball 1-0: Called Strike 1-1: Fly out, F3 (Popup, 34S)
|
Batting: RHB António Magana
|
0-0: Called Strike 0-1: Foul Ball, location: 2F 0-2: Foul Ball, location: 2F 0-2: Foul Ball, location: 2F 0-2: Strikes out swinging
|
Top of the 4th over - 0 run(s), 0 hit(s), 0 error(s), 0 left on base; Los Cabos 3 - San Francisco 1 |
BOTTOM OF THE 4TH |
San Francisco Bandits batting - Pitching for Los Cabos Cartel : RHP Dillon Nelson
|
Batting: RHB Mabuchi Yoshida
|
0-0: Ball 1-0: Ground out 5-3 (Groundball, 5S)
|
Batting: LHB Jerry Bryan
|
0-0: Ball 1-0: Ball 2-0: Ball 3-0: Base on Balls
|
Batting: RHB Bob Orr
|
0-0: Ball 1-0: Ball 2-0: Grounds into double play, 4-6-3 (Groundball, 4)
|
Bottom of the 4th over - 0 run(s), 0 hit(s), 0 error(s), 0 left on base; Los Cabos 3 - San Francisco 1 |
TOP OF THE 5TH |
Los Cabos Cartel batting - Pitching for San Francisco Bandits : RHP Mabuchi Yoshida
|
Batting: RHB Ángel Garza
|
0-0: Ball 1-0: Ball 2-0: Called Strike 2-1: Ball 3-1: Ground out 1-3 (Groundball, 15S)
|
Batting: LHB Willie Wallace
|
0-0: Ball 1-0: Fly out, F9 (Flyball, 9D)
|
Batting: SHB Julián Madrid
|
0-0: Called Strike 0-1: Ball 1-1: Ball 2-1: Ball 3-1: Fly out, F8 (Flyball, 8RD)
|
Top of the 5th over - 0 run(s), 0 hit(s), 0 error(s), 0 left on base; Los Cabos 3 - San Francisco 1 |
BOTTOM OF THE 5TH |
San Francisco Bandits batting - Pitching for Los Cabos Cartel : RHP Dillon Nelson
|
Batting: RHB Javier Ramírez
|
0-0: Ball 1-0: Swinging Strike 1-1: Ball 2-1: Called Strike 2-2: Strikes out swinging
|
Batting: RHB Sadao Kato
|
0-0: Ball 1-0: Ground out 5-3 (Groundball, 56)
|
Batting: RHB Emílio Bruno
|
0-0: Ground out 6-3 (Groundball, 56)
|
Bottom of the 5th over - 0 run(s), 0 hit(s), 0 error(s), 0 left on base; Los Cabos 3 - San Francisco 1 |
TOP OF THE 6TH |
Los Cabos Cartel batting - Pitching for San Francisco Bandits : RHP Mabuchi Yoshida
|
Batting: LHB Luis González
|
0-0: Called Strike 0-1: Ball 1-1: Ball 2-1: SINGLE (Line Drive, 34D)
|
Batting: RHB Wilbert Rodgers
|
0-0: Called Strike 0-1: Grounds into double play, 6-4-3 (Groundball, 6M)
|
Batting: RHB Stephen Wilson
|
0-0: Ball 1-0: Called Strike 1-1: Ball 2-1: Foul Ball, location: 2F 2-2: SINGLE (Line Drive, 56)
|
Batting: RHB Víctor Solano
|
0-0: Swinging Strike 0-1: SINGLE (Flyball, 4MD) Stephen Wilson to second
|
Batting: RHB John Pick
|
0-0: Ball 1-0: Ball 2-0: SINGLE (Groundball, 6MD) (infield hit) Stephen Wilson to third Víctor Solano to second
|
Batting: RHB António Magana
|
0-0: Called Strike 0-1: Swinging Strike 0-2: Strikes out looking
|
Top of the 6th over - 0 run(s), 4 hit(s), 0 error(s), 3 left on base; Los Cabos 3 - San Francisco 1 |
BOTTOM OF THE 6TH |
San Francisco Bandits batting - Pitching for Los Cabos Cartel : RHP Dillon Nelson
|
Batting: RHB David Crespo
|
0-0: Called Strike 0-1: Swinging Strike 0-2: Strikes out swinging
|
Batting: RHB Pete Rideout
|
Single, Error in OF, E7, batter to second base
|
Batting: RHB Glenn Melican
|
0-0: Called Strike Pete Rideout steals 3rd base 0-1: Ground out 6-3 (Groundball, 6) Pete Rideout scores
|
Batting: RHB Mabuchi Yoshida
|
0-0: Ball 1-0: Swinging Strike 1-1: Swinging Strike 1-2: Foul Ball, location: 2F 1-2: DOUBLE (Flyball, 7LM)
|
Batting: LHB Jerry Bryan
|
0-0: Foul Ball, location: 2F 0-1: Ball 1-1: Ball 2-1: Swinging Strike 2-2: Foul Ball, location: 2F 2-2: Strikes out swinging
|
Bottom of the 6th over - 1 run(s), 2 hit(s), 1 error(s), 1 left on base; Los Cabos 3 - San Francisco 2 |
TOP OF THE 7TH |
Los Cabos Cartel batting - Pitching for San Francisco Bandits : RHP Mabuchi Yoshida
|
Batting: RHB Ángel Garza
|
0-0: Called Strike 0-1: Ball 1-1: Ball 2-1: Foul Ball, location: 2F 2-2: Ball 3-2: Ground out 5-3 (Groundball, 5)
|
Batting: LHB Willie Wallace
|
0-0: Ball 1-0: Foul Ball, location: 2F 1-1: Foul Ball, location: 2F 1-2: Ball 2-2: Strikes out swinging
|
Batting: SHB Julián Madrid
|
0-0: Called Strike 0-1: Ball 1-1: Ball 2-1: Foul Ball, location: 2F 2-2: SINGLE (Groundball, 34)
|
Pitching: RHP Fernando Llama
|
|
Batting: LHB Luis González
|
0-0: Foul Ball, location: 2F 0-1: Ball 1-1: Ball 2-1: Foul Ball, location: 2F 2-2: Strikes out swinging
|
Top of the 7th over - 0 run(s), 1 hit(s), 0 error(s), 1 left on base; Los Cabos 3 - San Francisco 2 |
BOTTOM OF THE 7TH |
San Francisco Bandits batting - Pitching for Los Cabos Cartel : RHP Dillon Nelson
|
Batting: RHB Bob Orr
|
0-0: Ball 1-0: Foul Ball, location: 2F 1-1: Swinging Strike 1-2: Foul Ball, location: 2F 1-2: Ball 2-2: Foul Ball, location: 2F 2-2: Strikes out swinging
|
Batting: RHB Javier Ramírez
|
0-0: Fly out, F4 (Popup, 4M)
|
Batting: RHB Sadao Kato
|
0-0: Ground out 5-3 (Groundball, 56)
|
Bottom of the 7th over - 0 run(s), 0 hit(s), 0 error(s), 0 left on base; Los Cabos 3 - San Francisco 2 |
TOP OF THE 8TH |
Los Cabos Cartel batting - Pitching for San Francisco Bandits : RHP Fernando Llama
|
Batting: RHB Wilbert Rodgers
|
0-0: Ball 1-0: Foul Ball, location: 2F 1-1: Foul Ball, location: 2F 1-2: Ball 2-2: SINGLE (Groundball, 56D)
|
Pitching: RHP Carlos Ruíz
|
|
Batting: RHB Stephen Wilson
|
0-0: Ball 1-0: Foul Ball, location: 2F 1-1: Ball 2-1: Called Strike 2-2: Ball 3-2: Fly out, F2 (Popup, 2RF)
|
Batting: RHB Víctor Solano
|
0-0: Foul Ball, location: 2F 0-1: Foul Ball, location: 2F 0-2: Ball 1-2: Strikes out looking
|
Pinch Hitting: LHB Manny Quiñones
|
0-0: Fly out, F7 (Flyball, 78XD)
|
Top of the 8th over - 0 run(s), 1 hit(s), 0 error(s), 1 left on base; Los Cabos 3 - San Francisco 2 |
BOTTOM OF THE 8TH |
San Francisco Bandits batting - Pitching for Los Cabos Cartel : RHP Dillon Nelson
|
Now at 1B: Manny Quiñones
|
|
Batting: RHB Emílio Bruno
|
0-0: Ball 1-0: SOLO HOME RUN (Flyball, 7LD), Distance : 376 ft
|
Batting: RHB David Crespo
|
0-0: Swinging Strike 0-1: Ball 1-1: Ball 2-1: Called Strike 2-2: Foul Ball, location: 2F 2-2: SINGLE (Groundball, 6D)
|
Batting: RHB Pete Rideout
|
0-0: Sac Bunt - play at first, batter OUT! 5-4 David Crespo to second
|
Batting: RHB Glenn Melican
|
0-0: Intentional Walk
|
Batting: RHB Mabuchi Yoshida
|
0-0: Fly out, F8 (Flyball, 8RM)
|
Batting: LHB Jerry Bryan
|
0-0: Called Strike 0-1: Ball 1-1: Foul Ball, location: 2F 1-2: Strikes out swinging
|
Bottom of the 8th over - 1 run(s), 2 hit(s), 0 error(s), 2 left on base; Los Cabos 3 - San Francisco 3 |
TOP OF THE 9TH |
Los Cabos Cartel batting - Pitching for San Francisco Bandits : RHP Carlos Ruíz
|
Pitching: RHP José Rivera
|
|
Batting: RHB António Magana
|
0-0: Ball 1-0: Ball 2-0: Ball 3-0: Base on Balls
|
Batting: RHB Ángel Garza
|
0-0: Bunt missed! 0-1: Bunt missed! 0-2: Ball 1-2: Foul Ball, location: 2F 1-2: Ground out 5-3 (Groundball, 56) António Magana to second
|
Batting: LHB Willie Wallace
|
0-0: Swinging Strike 0-1: Ball 1-1: Foul Ball, location: 2F 1-2: Ball 2-2: Ball 3-2: Foul Ball, location: 2F 3-2: Foul Ball, location: 2F 3-2: Foul Ball, location: 2F 3-2: Foul Ball, location: 2F 3-2: Foul Ball, location: 2F 3-2: SINGLE (Line Drive, 5L) António Magana to third
|
Batting: SHB Julián Madrid
|
0-0: SINGLE (Groundball, 3) António Magana scores Willie Wallace to second Throwing error, E9 Willie Wallace scores Julián Madrid to second
|
Batting: LHB Luis González
|
0-0: Ball 1-0: Called Strike 1-1: Ball 2-1: Swinging Strike 2-2: Strikes out swinging
|
Batting: RHB Wilbert Rodgers
|
0-0: Called Strike 0-1: Ball 1-1: Foul Ball, location: 2F 1-2: Ball 2-2: SINGLE (Line Drive, 89M) Julián Madrid to third
|
Batting: RHB Stephen Wilson
|
0-0: Called Strike 0-1: Ground out 6-3 (Groundball, 6)
|
Top of the 9th over - 2 run(s), 3 hit(s), 1 error(s), 2 left on base; Los Cabos 5 - San Francisco 3 |
BOTTOM OF THE 9TH |
San Francisco Bandits batting - Pitching for Los Cabos Cartel : RHP Dillon Nelson
|
Pitching: LHP Santiago González
|
|
Batting: RHB Bob Orr
|
0-0: Fly out, F6 (Popup, 6MD)
|
Batting: RHB Javier Ramírez
|
0-0: Called Strike 0-1: Ball 1-1: Foul Ball, location: 2F 1-2: Fly out, F9 (Flyball, 9S)
|
Batting: RHB Sadao Kato
|
0-0: Ground out 6-3 (Groundball, 6)
|
Bottom of the 9th over - 0 run(s), 0 hit(s), 0 error(s), 0 left on base; Los Cabos 5 - San Francisco 3 |
|